[ AOE2 MATCH · #505165702 ]
UnrankedSlavs vs Gurjaras
Player's team · WIN
Rival team · LOSS
[ REPLAY ANALYSIS · EXTRACTED FROM THE RECORDED GAME ]
Feudal
9:17
Castle
22:32
Imperial
38:52
| APM avg | 59.6 |
| APM peak | 100 |
| eAPM avg | 27.0 |
| Villagers / military | 156 / 150 |
Focus
⚔️ 41.9% · 🌾 58.1%
Spearman ×64 · Skirmisher ×51 · Boyar ×9 · Militia ×7 · Monk ×6 · Mangonel ×4
Feudal
8:50
Castle
19:47
Imperial
35:34
| APM avg | 70.7 |
| APM peak | 121 |
| eAPM avg | 31.2 |
| Villagers / military | 123 / 102 |
Focus
⚔️ 28.3% · 🌾 71.7%
Scout Cavalry ×44 · Skirmisher ×27 · Elephant Archer ×16 · Mangonel ×5 · Trebuchet (Packed) ×5 · Hand Cannoneer ×4
Match map
Initial resources + every placement click. Lines = walls · curves = elevation contours. ◆ gold · ⬟ stone · ● berries · ✦ relic · ◌ wall gap
Your base· ✓ Closed at 22:32 · 20t walls · 1 gate(s)
[DH] JapoIroh's base· Open — unwalled flank
Smoothed initial terrain · ◌ = detected wall gap · hover for details
Inputs per minute
— ram0ff - - [DH] JapoIroh
Build order — ram0ff
First 150 of 473 actions detected
| 0:00 | Queue | Villager (Male) |
| 0:00 | Queue | Villager (Male) |
| 0:01 | Build | House |
| 0:02 | Build | House |
| 0:27 | Queue | Villager (Male) |
| 0:27 | Queue | Villager (Male) |
| 0:28 | Queue | Villager (Male) |
| 1:33 | Queue | Villager (Male) |
| 1:33 | Queue | Villager (Male) |
| 1:48 | Build | Lumber Camp |
| 2:06 | Queue | Villager (Male) |
| 2:06 | Queue | Villager (Male) |
| 2:21 | Queue | Villager (Male) |
| 2:22 | Queue | Villager (Male) |
| 2:49 | Queue | Villager (Male) |
| 2:49 | Queue | Villager (Male) |
| 3:11 | Queue | Villager (Male) |
| 3:11 | Queue | Villager (Male) |
| 3:40 | Queue | Villager (Male) |
| 3:40 | Queue | Villager (Male) |
| 3:40 | Queue | Villager (Male) |
| 3:50 | Build | House |
| 4:32 | Research | Loom |
| 4:33 | Queue | Villager (Male) |
| 4:33 | Queue | Villager (Male) |
| 4:33 | Queue | Villager (Male) |
| 5:06 | Build | Barracks |
| 5:14 | Queue | Villager (Male) |
| 6:01 | Build | House |
| 6:17 | Queue | Villager (Male) |
| 6:30 | Research | Loom |
| 6:54 | Queue | Militia |
| 6:54 | Queue | Militia |
| 7:01 | Research | Feudal Age |
| 7:19 | Queue | Militia |
| 7:33 | Queue | Militia |
| 7:33 | Queue | Militia |
| 7:51 | Queue | Militia |
| 7:51 | Queue | Militia |
| 7:54 | Build | Mining Camp |
| 8:15 | Build | Mill |
| 9:02 | Queue | Villager (Male) |
| 9:17 | Age | Feudal Age |
| 9:21 | Research | Double-Bit Axe |
| 9:27 | Build | Archery Range |
| 9:57 | Queue | Villager (Male) |
| 10:18 | Queue | Skirmisher |
| 10:18 | Queue | Villager (Male) |
| 10:31 | Queue | Spearman |
| 10:55 | Queue | Villager (Male) |
| 11:14 | Build | Farm |
| 11:20 | Queue | Skirmisher |
| 11:21 | Queue | Villager (Male) |
| 11:41 | Build | Farm |
| 11:44 | Build | Farm |
| 11:45 | Queue | Villager (Male) |
| 11:48 | Build | Farm |
| 11:53 | Build | Farm |
| 11:59 | Queue | Skirmisher |
| 12:08 | Build | Farm |
| 12:14 | Build | Palisade Gate |
| 12:16 | Queue | Villager (Male) |
| 12:23 | Build | House |
| 12:33 | Queue | Villager (Male) |
| 12:52 | Queue | Skirmisher |
| 13:01 | Queue | Villager (Male) |
| 13:02 | Queue | Skirmisher |
| 13:18 | Build | Farm |
| 13:26 | Queue | Villager (Male) |
| 13:37 | Build | Farm |
| 13:48 | Queue | Skirmisher |
| 13:54 | Queue | Villager (Male) |
| 13:58 | Build | Farm |
| 14:01 | Queue | Skirmisher |
| 14:04 | Build | House |
| 14:12 | Queue | Villager (Male) |
| 14:15 | Build | Farm |
| 14:43 | Build | House |
| 14:48 | Queue | Villager (Male) |
| 14:50 | Queue | Villager (Male) |
| 14:51 | Queue | Skirmisher |
| 14:55 | Build | Palisade Wall |
| 14:56 | Build | Palisade Wall |
| 15:06 | Queue | Villager (Male) |
| 15:09 | Build | Blacksmith |
| 15:14 | Queue | Villager (Male) |
| 15:21 | Queue | Skirmisher |
| 15:28 | Queue | Villager (Male) |
| 15:48 | Research | Fletching |
| 15:51 | Build | Palisade Wall |
| 15:55 | Build | Farm |
| 15:56 | Queue | Skirmisher |
| 16:01 | Build | House |
| 16:23 | Queue | Skirmisher |
| 16:25 | Build | Farm |
| 16:26 | Build | Farm |
| 16:29 | Research | Wheelbarrow |
| 16:32 | Build | Farm |
| 16:41 | Build | Palisade Wall |
| 17:03 | Build | Palisade Wall |
| 17:05 | Build | Palisade Wall |
| 17:11 | Build | House |
| 17:11 | Queue | Villager (Male) |
| 17:13 | Build | Farm |
| 17:22 | Build | House |
| 17:28 | Build | House |
| 17:32 | Build | House |
| 17:48 | Build | Palisade Wall |
| 17:53 | Queue | Skirmisher |
| 18:30 | Queue | Villager (Male) |
| 18:59 | Queue | Villager (Male) |
| 19:02 | Build | House |
| 19:26 | Queue | Villager (Male) |
| 19:52 | Research | Castle Age |
| 20:17 | Research | Gold Mining |
| 21:08 | Research | Horse Collar |
| 21:08 | Research | Horse Collar |
| 22:20 | Queue | Spearman |
| 22:32 | Age | Castle Age |
| 22:36 | Queue | Villager (Male) |
| 22:39 | Build | Town Center |
| 22:43 | Queue | Spearman |
| 22:52 | Research | Elite Skirmisher (upgrade) |
| 22:52 | Research | Elite Skirmisher (upgrade) |
| 23:02 | Queue | Villager (Male) |
| 23:03 | Queue | Villager (Male) |
| 23:05 | Build | Monastery |
| 23:09 | Queue | Villager (Male) |
| 23:23 | Research | Bodkin Arrow |
| 23:34 | Build | Farm |
| 23:39 | Queue | Villager (Male) |
| 23:40 | Build | Farm |
| 23:40 | Build | Farm |
| 23:42 | Queue | Villager (Male) |
| 24:03 | Queue | Villager (Male) |
| 24:12 | Queue | Skirmisher |
| 24:12 | Queue | Skirmisher |
| 24:28 | Queue | Villager (Male) |
| 24:36 | Build | Market |
| 24:45 | Queue | Villager (Male) |
| 24:45 | Queue | Villager (Male) |
| 24:52 | Queue | Monk |
| 25:04 | Build | Town Center |
| 25:07 | Queue | Villager (Male) |
| 25:18 | Queue | Villager (Male) |
| 25:33 | Build | Siege Workshop |
| 25:35 | Queue | Villager (Male) |
| 25:52 | Research | Bow Saw |
| 25:52 | Queue | Villager (Male) |
| 25:54 | Queue | Skirmisher |
Build order — [DH] JapoIroh
First 150 of 399 actions detected
| 0:00 | Queue | Villager (Male) |
| 0:02 | Build | House |
| 0:02 | Build | House |
| 0:13 | Queue | Villager (Male) |
| 0:13 | Queue | Villager (Male) |
| 0:14 | Queue | Villager (Male) |
| 0:44 | Build | Mill |
| 1:32 | Queue | Villager (Male) |
| 1:55 | Queue | Villager (Male) |
| 2:25 | Queue | Villager (Male) |
| 2:41 | Queue | Villager (Male) |
| 3:00 | Queue | Villager (Male) |
| 3:24 | Build | House |
| 3:27 | Queue | Villager (Male) |
| 3:30 | Queue | Villager (Male) |
| 3:46 | Queue | Villager (Male) |
| 3:59 | Queue | Villager (Male) |
| 4:12 | Queue | Villager (Male) |
| 4:31 | Queue | Villager (Male) |
| 4:46 | Queue | Villager (Male) |
| 5:06 | Queue | Villager (Male) |
| 5:12 | Build | Lumber Camp |
| 5:54 | Research | Loom |
| 6:18 | Research | Feudal Age |
| 7:19 | Build | House |
| 7:44 | Build | Barracks |
| 7:45 | Queue | Villager (Male) |
| 7:49 | Build | Palisade Wall |
| 8:02 | Queue | Villager (Male) |
| 8:02 | Queue | Villager (Male) |
| 8:16 | Build | Palisade Wall |
| 8:18 | Build | Palisade Wall |
| 8:18 | Build | Palisade Wall |
| 8:19 | Build | Palisade Wall |
| 8:32 | Build | Palisade Wall |
| 8:48 | Queue | Villager (Male) |
| 8:50 | Age | Feudal Age |
| 8:57 | Build | Archery Range |
| 9:03 | Build | Palisade Wall |
| 9:16 | Research | Double-Bit Axe |
| 9:17 | Queue | Villager (Male) |
| 9:27 | Build | Palisade Wall |
| 9:31 | Queue | Villager (Male) |
| 9:52 | Queue | Skirmisher |
| 9:56 | Build | Farm |
| 10:05 | Queue | Villager (Male) |
| 10:13 | Queue | Skirmisher |
| 10:20 | Build | Farm |
| 10:32 | Queue | Skirmisher |
| 10:35 | Build | House |
| 10:39 | Build | Farm |
| 11:16 | Queue | Villager (Male) |
| 11:18 | Build | Farm |
| 11:22 | Queue | Skirmisher |
| 11:26 | Queue | Villager (Male) |
| 11:28 | Build | House |
| 11:29 | Build | Blacksmith |
| 11:37 | Queue | Villager (Male) |
| 11:57 | Queue | Skirmisher |
| 12:14 | Build | House |
| 12:17 | Queue | Skirmisher |
| 12:25 | Build | Farm |
| 12:40 | Build | Farm |
| 12:58 | Queue | Villager (Male) |
| 13:07 | Build | Farm |
| 13:14 | Build | House |
| 13:21 | Build | Farm |
| 13:22 | Build | Farm |
| 13:26 | Queue | Spearman |
| 13:37 | Build | Farm |
| 13:37 | Build | Farm |
| 13:56 | Build | House |
| 13:58 | Build | Palisade Wall |
| 14:02 | Queue | Villager (Male) |
| 14:03 | Research | Fletching |
| 14:06 | Build | Farm |
| 14:39 | Queue | Skirmisher |
| 14:52 | Queue | Villager (Male) |
| 14:53 | Build | Farm |
| 14:54 | Build | Farm |
| 14:56 | Build | Farm |
| 14:57 | Build | Farm |
| 15:07 | Queue | Villager (Male) |
| 15:13 | Build | House |
| 15:38 | Build | Mining Camp |
| 15:48 | Queue | Villager (Male) |
| 15:49 | Queue | Villager (Male) |
| 16:08 | Queue | Villager (Male) |
| 16:27 | Queue | Villager (Male) |
| 16:33 | Build | Market |
| 17:05 | Research | Castle Age |
| 18:01 | Build | Archery Range |
| 18:07 | Research | Padded Archer Armor |
| 18:50 | Queue | Villager (Male) |
| 19:31 | Build | Stable |
| 19:47 | Age | Castle Age |
| 19:52 | Queue | Elephant Archer |
| 19:52 | Queue | Elephant Archer |
| 19:56 | Research | Bodkin Arrow |
| 19:57 | Research | Bodkin Arrow |
| 20:02 | Queue | Villager (Male) |
| 20:06 | Build | Siege Workshop |
| 20:14 | Build | Farm |
| 20:17 | Queue | Villager (Male) |
| 20:17 | Queue | Villager (Male) |
| 20:24 | Queue | Elephant Archer |
| 20:24 | Queue | Elephant Archer |
| 20:27 | Queue | Villager (Male) |
| 20:27 | Queue | Villager (Male) |
| 20:56 | Queue | Elephant Archer |
| 20:56 | Queue | Elephant Archer |
| 21:24 | Queue | Villager (Male) |
| 21:24 | Queue | Villager (Male) |
| 21:59 | Build | Town Center |
| 22:03 | Queue | Mangonel |
| 22:18 | Queue | Villager (Male) |
| 22:31 | Build | Town Center |
| 22:40 | Queue | Villager (Male) |
| 22:46 | Queue | Mangonel |
| 22:46 | Queue | Mangonel |
| 22:47 | Queue | Villager (Male) |
| 22:53 | Research | Bloodlines |
| 22:54 | Research | Husbandry |
| 23:02 | Queue | Villager (Male) |
| 23:25 | Queue | Elephant Archer |
| 23:28 | Queue | Villager (Male) |
| 23:32 | Queue | Villager (Male) |
| 23:32 | Queue | Villager (Male) |
| 24:11 | Queue | Elephant Archer |
| 24:11 | Queue | Elephant Archer |
| 24:14 | Queue | Villager (Male) |
| 24:15 | Queue | Villager (Male) |
| 24:24 | Build | Town Center |
| 24:30 | Queue | Villager (Male) |
| 24:33 | Build | Farm |
| 24:33 | Build | Farm |
| 24:33 | Build | Farm |
| 24:33 | Build | Farm |
| 24:34 | Build | Farm |
| 24:37 | Build | Farm |
| 24:39 | Build | Farm |
| 25:07 | Queue | Villager (Male) |
| 25:10 | Build | Farm |
| 25:11 | Build | Farm |
| 25:11 | Build | Farm |
| 25:11 | Build | Farm |
| 25:11 | Build | Farm |
| 25:12 | Build | Farm |
| 25:12 | Build | Farm |
| 25:43 | Queue | Elephant Archer |
Match timeline
| 5:06 | ram0ff · first_building Barracks |
| 7:44 | [DH] JapoIroh · first_building Barracks |
| 7:49 | [DH] JapoIroh · wall_segment Palisade Wall x11 |
| 8:16 | [DH] JapoIroh · wall_segment Palisade Wall x1 |
| 8:18 | [DH] JapoIroh · wall_segment Palisade Wall x1 |
| 8:18 | [DH] JapoIroh · wall_segment Palisade Wall x1 |
| 8:19 | [DH] JapoIroh · wall_segment Palisade Wall x1 |
| 8:32 | [DH] JapoIroh · wall_segment Palisade Wall x1 |
| 8:50 | [DH] JapoIroh · age_up feudal |
| 8:57 | [DH] JapoIroh · first_building Archery Range |
| 9:03 | [DH] JapoIroh · wall_segment Palisade Wall x14 |
| 9:17 | ram0ff · age_up feudal |
| 9:27 | [DH] JapoIroh · wall_segment Palisade Wall x1 |
| 9:27 | ram0ff · first_building Archery Range |
| 13:58 | [DH] JapoIroh · wall_segment Palisade Wall x1 |
| 14:55 | ram0ff · wall_segment Palisade Wall x1 |
| 14:56 | ram0ff · wall_segment Palisade Wall x1 |
| 15:51 | ram0ff · wall_segment Palisade Wall x1 |
| 16:41 | ram0ff · wall_segment Palisade Wall x1 |
| 17:03 | ram0ff · wall_segment Palisade Wall x9 |
| 17:05 | [DH] JapoIroh · first_market_sell 100 food |
| 17:05 | ram0ff · wall_segment Palisade Wall x1 |
| 17:48 | ram0ff · wall_segment Palisade Wall x6 |
| 19:31 | [DH] JapoIroh · first_building Stable |
| 19:47 | [DH] JapoIroh · age_up castle |
| 20:06 | [DH] JapoIroh · first_building Siege Workshop |
| 22:32 | ram0ff · age_up castle |
| 23:05 | ram0ff · first_building Monastery |
| 25:00 | ram0ff · first_market_sell 100 food |
| 25:01 | ram0ff · first_market_buy 100 wood |
| 25:33 | ram0ff · first_building Siege Workshop |
| 34:27 | ram0ff · first_building Stable |
| 34:28 | [DH] JapoIroh · wall_segment Palisade Wall x1 |
| 35:34 | [DH] JapoIroh · age_up imperial |
| 36:42 | [DH] JapoIroh · first_building Castle |
| 37:22 | [DH] JapoIroh · first_building Monastery |
| 37:38 | ram0ff · first_building Castle |
| 38:52 | ram0ff · age_up imperial |
| 45:22 | [DH] JapoIroh · resign |
[ AI ANALYSIS · 1 CREDIT ]
What really happened in this match?
Wolo.gg analyzes every decision: build order, eco, micro, common mistakes by bracket. Personalized analysis on WhatsApp or Discord in 30 seconds.
Civ guide
Slavs
Perfil
ram0ff